 Dungeon Crawl Stone Soup version 0.19-a0-1442-g3b32ff5 (webtiles) character file.

5595 Amnesiac the Martial Artist (level 10, 0/68 HPs)
             Began as an Octopode Transmuter on Sept 6, 2016.
             Was an Initiate of Gozag.
             Killed by nerve-wracking pain
             ... invoked by an orc priest
              (13 damage)
             ... on level 9 of the Dungeon.
             The game lasted 00:14:20 (10684 turns).

Amnesiac the Martial Artist (Octopode Transmuter)  Turns: 10684, Time: 00:14:21

Health: 0/68       AC:  2    Str:  9    XL:     10   Next: 73%
Magic:  24/26      EV: 26    Int: 17    God:    Gozag
Gold:   983        SH:  0    Dex: 24    Spells: 5 memorised, 4 levels left

rFire  + . .     SeeInvis .       - Unarmed
rCold  . . .     Gourm    +     (shield currently unavailable)
rNeg   . . .     Faith    .     (helmet currently unavailable)
rPois  x         Spirit   .     y - amulet of the gourmand
rElec  .         Dismiss  .     g - ring of magical power
rCorr  .         Reflect  .     K - ring of protection from fire
MR     .....     Harm     .     (no ring)
Stlth  ++........               (no ring)
                                (no ring)
                                (no ring)
                                (no ring)
                                (no ring)

@: spider-form
A: almost no armour, stealthy swim, (amphibious), 8 rings, (constrict 8),
(camouflage 0), agile 1, blurry vision 1, clever 1, screaming 1, (gelatinous
body 0)
a: End Transformation, Potion Petition, Call Merchant, Bribe Branch, Renounce
Religion


You were on level 9 of the Dungeon.
You worshipped Gozag.
Gozag was pleased with you.
You were full.
You were a venomous arachnid creature.
You visited 2 branches of the dungeon, and saw 10 of its levels.

You collected 1624 gold pieces.
You paid 641 gold pieces to Gozag.

Inventory:

Missiles
 a - 199 arrows
Jewellery
 g - a ring of magical power (left front leg)
 q - an uncursed amulet of dismissal
 y - an amulet of the gourmand (around neck)
 K - a ring of protection from fire (right front leg)
Wands
 k - a wand of teleportation (5/9)
 m - a wand of disintegration (24/24)
 t - a wand of digging (11/24)
 x - a wand of random effects (25/48)
Scrolls
 d - a scroll of magic mapping
 e - 3 scrolls of amnesia
 f - 7 scrolls of identify
 i - a scroll of enchant weapon {unknown}
 l - a scroll of fog
 r - 5 scrolls of remove curse
 A - 2 scrolls of noise {unknown}
 F - a scroll of enchant armour
 H - a scroll of immolation {unknown}
 J - a scroll of blinking {unknown}
 L - a scroll of fear
Potions
 h - 2 potions of invisibility
 j - 2 potions of degeneration {unknown}
 n - 2 potions of might
 o - a potion of agility
 p - 2 potions of flight
 u - a potion of berserk rage {unknown}
 v - a potion of haste
 z - 2 potions of cure mutation {unknown}
 E - 3 potions of brilliance {unknown}
 G - a potion of mutation
Books
 b - a book of Changes

   Spells                             Type                      Level
   a - Beastly Appendage              Transmutation                1
   b - Sticks to Snakes               Transmutation                2
   c - Spider Form                    Transmutation/Poison         3
   d - Ice Form                       Ice/Transmutation            4
   e - Blade Hands                    Transmutation                5
 s - a book of Alchemy

   Spells                             Type                      Level
   a - Sublimation of Blood           Necromancy                   2
   b - Ignite Poison                  Fire/Transmutation/Poison    3
   c - Petrify                        Transmutation/Earth          4
   d - Alistair's Intoxication        Transmutation/Poison         5
   e - Irradiate                      Conjuration/Transmutation    5
 w - a book of Callings

   Spells                             Type                      Level
   a - Summon Small Mammal            Summoning                    1
   b - Call Imp                       Summoning                    2
   c - Call Canine Familiar           Summoning                    3
   d - Summon Guardian Golem          Hexes/Summoning              3
   e - Summon Lightning Spire         Summoning/Air                4
   f - Summon Ice Beast               Ice/Summoning                4
Miscellaneous
 C - a sack of spiders
 D - a lamp of fire
Comestibles
 c - 8 bread rations
 B - a meat ration
 I - a slice of pizza


   Skills:
 + Level 5.8 Fighting
 + Level 5.6 Dodging
 * Level 9.3 Unarmed Combat
 + Level 5.2 Spellcasting
 * Level 9.1 Transmutations


You had 4 spell levels left.
You knew the following spells:

 Your Spells              Type           Power        Failure   Level  Hunger
a - Beastly Appendage     Tmut           #####.       3%          1    None
b - Blade Hands           Tmut           #####.....   28%         5    ######.
c - Ice Form              Ice/Tmut       ###.....     45%         4    ####...
d - Sticks to Snakes      Tmut           #####...     4%          2    #......
e - Spider Form           Tmut/Pois      ###.......   24%         3    ###....


Dungeon Overview and Level Annotations

Branches:
Dungeon (9/15)             Temple (1/1) D:4
   Lair: D:8-11         Orc: D:9-12

Altars:
Dithmenos
Fedhas
Gozag
Hepliaklqana
Kikubaaqudgha
Makhleb
Nemelex Xobeh
Qazlal
Sif Muna
Trog
Uskayaw
Vehumet
Yredelemnul
Zin
The Shining One

Shops:
D:8 [


Innate Abilities, Weirdness & Mutations

You cannot wear most types of armour.
You are very stealthy in the water.
((You are amphibious.))
You can wear up to eight rings at the same time.
((You can use your tentacles to constrict eight enemies at once.))
((Your skin changes colour to match your surroundings (Stealth+).))
((Your rubbery body absorbs attacks. (AC +1, EV +1)))
You are agile. (Dex +2)
Scrolls take you a little longer to read.
Your mind is acute. (Int +2)
You occasionally shout uncontrollably at your foes.


Message History

The orc warrior shouts!
The orc priest shouts! x2
The orc priest invokes the aid of Beogh against you.
Beogh smites you!
You bite the orc warrior!
The orc warrior is poisoned.
The orc warrior is moderately wounded.
The orc priest invokes the aid of Beogh against you.
Beogh smites you! The orc warrior hits you with a mace!
You barely miss the orc warrior.
The orc warrior is moderately wounded.
The orc priest looks braver for a moment.
You hit the orc warrior.
The orc warrior looks as sick as possible!
The orc warrior is heavily wounded.
The orc warrior hits you with a mace!
* * * LOW HITPOINT WARNING * * *
The orc priest invokes the aid of Beogh against you.
Pain shoots through your body!
You die...
Your body crumbles into a pile of gold.

# ####### # #.....# #
#.....# # #.o...### #
#oo...... # #s....... #
####...(.... # #####
#..............# # #...#
#.####.#.......# #
##...###.##...#.......# #
#.....>#.##...........######
#......#.##.....##.........#
#......#.##.....#..........#
#......#.##................#


You could see an orc warrior and 2 orc priests.

Vanquished Creatures
  The ghost of Amnesiac the Insei, a novice OpTm (D:7)
  A hill giant (D:6)
  Sigmund (D:2)
  A wyvern (D:8)
  A hippogriff (D:9)
  Edmund (D:5)
  Menkaure (D:4)
  4 ice beasts
  2 orc warriors
  2 sky beasts
  A black bear (D:6)
  A necrophage (D:7)
  2 ogres
  2 phantoms
  6 centaurs
  Blork the orc (D:5)
  A big kobold (D:7)
  2 giant frogs
  A wyvern zombie (D:7)
  2 scorpions
  7 killer bees
  4 wights
  5 howler monkeys
  3 crimson imps
  3 giant frog zombies
  3 hounds
  2 orc priests
  6 orc wizards
  3 giant frog skeletons
  Crazy Yiuf (D:4)
  Natasha (twice) (D:2)
  2 iguanas
  4 worker ants
  A hound zombie (D:5)
  A river rat (D:4)
  13 adders
  4 shadow imps
  2 oozes
  An adder skeleton (D:6)
  2 worms (D:2)
  7 dart slugs
  5 giant geckos
  25 orcs
  8 giant cockroaches
  5 goblins
  4 hobgoblins
  8 jackals
  2 quokkas
  3 ball pythons
  A bat (D:3)
  A giant gecko skeleton (D:5)
  2 giant newts
  8 kobolds
  9 rats
191 creatures vanquished.

Vanquished Creatures (collateral kills)
  A hound skeleton (D:4)
  An orc (D:4)
2 creatures vanquished.

Grand Total: 193 creatures vanquished

Notes
Turn   | Place    | Note
-------+----------+-------------------------------------------
     0 | D:1      | Amnesiac the Octopode Transmuter began the quest for the Orb.
     0 | D:1      | Reached XP level 1. HP: 13/13 MP: 3/3
   142 | D:2      | Noticed Natasha
   286 | D:3      | Reached XP level 2. HP: 10/18 MP: 5/5
   290 | D:3      | Learned a level 2 spell: Sticks to Snakes
   494 | D:4      | Noticed Menkaure
   513 | D:5      | Entered Level 5 of the Dungeon
   816 | D:5      | Noticed Blork the orc
   821 | D:4      | Found a staircase to the Ecumenical Temple.
   825 | Temple   | Entered the Ecumenical Temple
   914 | D:4      | Reached XP level 3. HP: 16/23 MP: 6/6
   925 | D:4      | Learned a level 3 spell: Spider Form
   948 | D:4      | Noticed a scorpion
   955 | D:4      | Killed a scorpion
   955 | D:4      | Reached XP level 4. HP: 23/28 MP: 7/7
  1067 | D:4      | Noticed an ogre
  1181 | D:4      | Killed an ogre
  1181 | D:4      | Reached skill level 5 in Transmutations
  1181 | D:4      | Reached XP level 5. HP: 9/33 MP: 8/8
  1525 | D:4      | Killed Menkaure
  1525 | D:4      | Reached XP level 6. HP: 5/38 MP: 9/9
  2115 | D:4      | Reached skill level 5 in Unarmed Combat
  2171 | Temple   | Became a worshipper of Gozag Ym Sagoz the Greedy
  2980 | D:2      | Noticed Sigmund
  2994 | D:2      | Killed Sigmund
  2994 | D:2      | Reached XP level 7. HP: 30/46 MP: 10/10
  3430 | D:2      | Killed Natasha
  3548 | D:2      | Noticed Natasha
  3556 | D:2      | Killed Natasha
  4422 | D:4      | Found a runed door.
  4690 | D:4      | Noticed Crazy Yiuf
  4697 | D:4      | Killed Crazy Yiuf
  4697 | D:4      | Reached XP level 8. HP: 27/54 MP: 11/11
  4705 | D:4      | Gained mutation: Your mind is acute. (Int +2) [potion of beneficial mutation]
  4958 | D:4      | Gained mutation: Scrolls take you a little longer to read. [potion of mutation]
  4958 | D:4      | Gained mutation: You are agile. (Dex +2) [potion of mutation]
  4958 | D:4      | Gained mutation: You occasionally shout uncontrollably at your foes. [potion of mutation]
  5096 | D:5      | Noticed Edmund
  5114 | D:5      | Killed Edmund
  5122 | D:5      | Killed Blork the orc
  5455 | D:5      | Learned a level 5 spell: Blade Hands
  6714 | D:6      | Reached XP level 9. HP: 44/58 MP: 15/15
  7242 | D:6      | Noticed a hill giant
  7262 | D:6      | Killed a hill giant
  7377 | D:7      | HP: 3/60 [killer bee (9)]
  8077 | D:7      | Learned a level 4 spell: Ice Form
  8086 | D:7      | Reached skill level 5 in Fighting
  8187 | D:7      | Reached XP level 10. HP: 66/66 MP: 17/17
  8357 | D:7      | Reached skill level 5 in Dodging
  8425 | D:7      | Noticed Amnesiac's ghost (novice OpTm)
  8447 | D:7      | Killed Amnesiac's ghost
  9128 | D:7      | Reached skill level 5 in Spellcasting
  9497 | D:8      | Noticed a hand axe
  9505 | D:8      | Noticed a hand axe
  9506 | D:8      | Found a hide-covered altar of Uskayaw.
 10684 | D:9      | Killed from afar by an orc priest

Vault maps used:
D:1:      sevenhm_arrival_forest_fort_small_4
D:2:      uniq_sigmund, uniq_natasha
D:3:      kennysheep_nondescript, minmay_cupped
D:4:      portal_sewer_entry_e, first_bread, corner_web_ring,
          uniq_crazy_yiuf_cottage, uniq_menkaure
D:5:      uniq_edmund, uniq_blork_the_orc
D:6:      kennysheep_windowed_halls
D:7:      kennysheep_generic_room_15
D:8:      dancing_weapons_uskayaw
D:9:      uniq_psyche
Temple:   regret_index_temple_chain_breaker

Skill      XL: |  1  2  3  4  5  6  7  8  9 10 |
---------------+-------------------------------+-----
Transmutations | 3 4 5 6 7 8 9 |  9.1
Unarmed Combat | 4 5 7 8 9 |  9.3
Fighting       | 3 4 5 |  5.8
Spellcasting   | 4 5 |  5.2
Dodging        | 3 4 5 |  5.6

Action                   |  1- 3 |  4- 6 |  7- 9 | 10-12 || total
-------------------------+-------+-------+-------+-------++-------
Melee: Unarmed           |    20 |    78 |   348 |   164 ||   610
       Constrict         |     5 |    10 |    54 |    14 ||    83
       Kick              |     4 |       |       |       ||     4
       Tentacles         |     2 |     4 |    42 |    18 ||    66
       Punch             |       |     1 |    12 |     7 ||    20
 Cast: Beastly Appendage |     7 |       |       |       ||     7
       Sticks to Snakes  |     3 |       |     4 |       ||     7
       Spider Form       |     1 |     7 |    15 |    10 ||    33
       Ice Form          |       |       |     1 |     2 ||     3
       Blade Hands       |       |       |       |     1 ||     1
Invok: Call Merchant     |       |       |       |     1 ||     1
 Abil: End Transformatio |       |       |     1 |       ||     1
Evoke: Wand              |       |     2 |       |       ||     2
  Use: Scroll            |       |     1 |    15 |       ||    16
       Potion            |       |       |    10 |       ||    10
 Stab: Sleeping          |       |     2 |    14 |     2 ||    18
       Distracted        |       |       |       |     3 ||     3
  Eat: Chunk             |       |     6 |       |       ||     6
       Fruit             |       |       |     3 |       ||     3
       Meat ration       |       |       |     4 |     2 ||     6
       Beef jerky        |       |       |       |     1 ||     1
Armor: Skin              |     1 |     7 |    13 |    18 ||    39
Dodge: Dodged            |    13 |    37 |   243 |    94 ||   387
